 Seeded DCSS version 0.31-a0-632-g766dd24fdf (webtiles) character file.

Game seed: 13796915439971594053 (custom seed)

493 Mickster the Chopper (level 7, 0/93 HPs)
             Began as a Hill Orc Berserker on Aug 25, 2023.
             Was a Priest of Trog.
             Slain by an ice beast (13 damage)
             ... on level 5 of the Dungeon on Aug 26, 2023.
             The game lasted 00:18:57 (3802 turns).

Mickster the Chopper (Hill Orc Berserker)           Turns: 3802, Time: 00:18:57

Health: 0/93       AC:  3    Str: 22    XL:     7   Next: 15%
Magic:  0/7        EV: 12    Int:  7    God:    Trog [***...]
Gold:   159        SH:  0    Dex: 10    Spells: 6/6 levels left

rFire   . . .        n - +0 war axe (spect)
rCold   . . .        (no shield)
rNeg    . . .        i - +1 robe of Resourcefulness {Slay+2}
rPois   .            (no helmet)
rElec   .            (no cloak)
rCorr   .            (no gloves)
SInv    .            (no boots)
Will    .....        d - amulet of guardian spirit Stlth
                     (no ring)
HPRegen 0.35/turn    (no ring)
MPRegen 0.10/turn

%: guardian spirit
@: berserking, very quick
A: no striking features
a: Renounce Religion, Berserk, Trog's Hand


You were on level 5 of the Dungeon.
You worshipped Trog.
Trog was most pleased with you.
You visited 1 branch of the dungeon, and saw 5 of its levels.

You collected 159 gold pieces.

Inventory:

Hand Weapons
 a - a +0 hand axe of freezing
 n - a +0 spectral war axe (weapon)
 p - a +3 flail of draining
 x - a +1 halberd of venom
Missiles
 f - 4 atropa-tipped darts (quivered)
 k - 16 stones
Armour
 b - a +0 cloak
 i - the +1 robe of Resourcefulness (worn) {Slay+2}
   (You found it on level 2 of the Dungeon)

   Slay+2:    It affects your accuracy & damage with ranged weapons and melee
   (+2).
 q - the +1 troll leather armour of the Festooned God {rC+++ Regen+ Str-5 Int+7 Dex-5}
   (You found it on level 4 of the Dungeon)

   Str-5:     It affects your strength (-5).
   Int+7:     It affects your intelligence (+7).
   Dex-5:     It affects your dexterity (-5).
   rC+++:     It renders you almost immune to cold.
   Regen+:    It increases your rate of health regeneration.
Jewellery
 d - an amulet of guardian spirit (around neck)
 w - a ring of protection from cold
Wands
 h - a wand of roots (19)
 u - a wand of flame (11)
Scrolls
 m - a scroll of fog {unknown}
 o - a scroll of identify {unknown}
 s - a scroll of enchant weapon {unknown}
 t - a scroll of teleportation
Potions
 c - 3 potions of heal wounds
 e - a potion of ambrosia {unknown}
 g - a potion of curing {unknown}
 j - a potion of mutation {unknown}
 l - a potion of enlightenment {unknown}
 r - a potion of berserk rage {unknown}
 v - a potion of might {unknown}


   Skills:
 + Level 5.8 Fighting
 * Level 7.2 Axes
 + Level 2.9 Armour
 + Level 3.2 Dodging
 + Level 0.7 Stealth


You had 6 spell levels left.
You didn't know any spells.
Your spell library was empty.

Dungeon Overview and Level Annotations

Branches:
Dungeon (5/15)
 Temple: D:4-7

Altars:
Cheibriados
Gozag
Nemelex Xobeh
Vehumet

Annotations:
D:2 Natasha


Message History

You slash the orc!
You kill the orc!
Trog accepts your kill.
Things that are here:
a +0 club; an orc corpse An ice beast comes into view.
Found a stone staircase leading down.
The ice beast hits you. The ice beast freezes you!
You hit the ice beast but do no damage. The ice beast completely misses you.
You barely miss the ice beast. The ice beast hits you.
The ice beast freezes you! The ice beast misses you.
You hit the ice beast.
The ice beast is lightly wounded.
The ice beast hits you. The ice beast freezes you!
You hit the ice beast.
The ice beast is moderately wounded.
The ice beast hits you but does no damage.
You closely miss the ice beast.
The ice beast is moderately wounded.
The ice beast hits you. The ice beast freezes you.
* * * LOW HITPOINT WARNING * * *
You hit the ice beast.
The ice beast is moderately wounded.
The ice beast hits you but does no damage.
A red film seems to cover your vision as you go berserk!
You feel yourself moving faster!
You feel mighty! The ice beast hits you.
* * * LOW HITPOINT WARNING * * *
The ice beast freezes you!
* * * LOW HITPOINT WARNING * * *
You completely miss the ice beast.
The ice beast is moderately wounded.
The ice beast barely misses you.
You slash the ice beast!
The ice beast is severely wounded.
You barely miss the ice beast.
The ice beast is severely wounded.
The ice beast hits you.
* * * LOW HITPOINT WARNING * * *
The ice beast freezes you!
You die...

#.# #####.###
#.....).#
#.###.#.#
#...#.# #.###.#
###+#.....#
#......#####.###
#.......@Y......
#......#########
#.###### #


You could see an ice beast.

Vanquished Creatures
  A kobold brigand (D:4)
  A scorpion (D:4)
  A howler monkey (D:4)
  A jelly (D:4)
  A gnoll bouda (D:4)
  An iguana (D:3)
  Jessica (D:3)
  Natasha (twice) (D:2)
  5 gnolls (D:4)
  4 adders
  2 dart slugs (D:2)
  9 orcs
  7 ball pythons
  5 bats
  7 endoplasms
  3 giant cockroaches (D:1)
  5 goblins
  3 hobgoblins
  5 kobolds
  4 quokkas
  3 frilled lizards
  8 rats
79 creatures vanquished.

Notes
Turn   | Place    | Note
-------+----------+-------------------------------------------
     0 | D:1      | Mickster the Hill Orc Berserker began the quest for the
                  | Orb.
     0 | D:1      | Reached XP level 1. HP: 19/19 MP: 1/1
   285 | D:1      | Reached XP level 2. HP: 20/27 MP: 2/2
   957 | D:2      | Noticed Natasha
   962 | D:2      | Killed Natasha
   963 | D:2      | Reached XP level 3. HP: 33/33 MP: 1/3
  1031 | D:2      | Reached ** piety under Trog
  1102 | D:2      | Reached XP level 4. HP: 15/41 MP: 4/4
  1210 | D:2      | Noticed Natasha
  1220 | D:2      | Killed Natasha
  1328 | D:2      | Identified the +1 robe of Resourcefulness {Slay+2}
  1371 | D:2      | Noticed Natasha
  1698 | D:3      | Found a snail-covered altar of Cheibriados.
  1698 | D:3      | Noticed a torpor snail
  1748 | D:3      | Reached XP level 5. HP: 29/47 MP: 3/5
  1887 | D:3      | Noticed Jessica
  1890 | D:3      | Killed Jessica
  1891 | D:3      | Reached skill level 5 in Fighting
  2045 | D:3      | Reached skill level 5 in Axes
  2515 | D:4      | Found a sparkling altar of Nemelex Xobeh.
  2533 | D:4      | Reached XP level 6. HP: 21/56 MP: 3/6
  2557 | D:5      | Entered Level 5 of the Dungeon
  2851 | D:4      | Reached skill level 6 in Axes
  2859 | D:4      | Identified the +1 troll leather armour of the Festooned God
                  | {rC+++ Regen+ Str-5 Int+7 Dex-5}
  2905 | D:4      | Found an opulent altar of Gozag.
  2910 | D:4      | Found an opulent altar of Gozag.
  2910 | D:4      | Found an opulent altar of Gozag.
  2924 | D:4      | Found an opulent altar of Gozag.
  2952 | D:4      | Reached skill level 7 in Axes
  2952 | D:4      | Reached XP level 7. HP: 50/62 MP: 7/7
  3078 | D:4      | Found a radiant altar of Vehumet.
  3154 | D:4      | Reached *** piety under Trog
  3156 | D:4      | HP: 1/62 [poisoned by a gnoll]
  3802 | D:5      | Slain by an ice beast

Illustrated notes

Levels and vault maps discovered:
D:1:      dreamdust_arrival_sigmund_warning, layout_basic
D:2:      layout_rooms, uniq_natasha
D:3:      layout_basic, cheibriados_altar_2, uniq_jessica
D:4:      layout_loops_ring, lemuel_tele_altar,
          nicolae_gozag_conspicuous_consumption, vehumet_altar_wand_db
D:5:      layout_basic, hangedman_ru_absence, hangedman_glass_teeth

Skill      XL: |  1  2  3  4  5  6 |
---------------+-------------------+-----
Fighting       | 4 5 |  5.8
Dodging        | 2 3 |  3.2
Axes           | 5 7 |  7.2
Armour         | |  2.9
Stealth        | |  0.7

Action                     |  1- 3 |  4- 6 |  7- 9 || total
---------------------------+-------+-------+-------++-------
  Melee: Hand axe          |    78 |    53 |       ||   131
         War axe           |       |    47 |    20 ||    67
 Invoke: Berserk           |     1 |     4 |     1 ||     6
  Evoke: Wand              |     1 |       |       ||     1
    Use: Scroll            |     2 |     2 |       ||     4
         Potion            |       |       |     1 ||     1
   Stab: Sleeping          |       |     1 |       ||     1
 Armour: Animal skin       |    19 |       |       ||    19
         Robe              |       |    10 |     2 ||    12
  Dodge: Dodged            |    69 |    78 |     9 ||   156

Table legend: (Time is in decaauts)
 A = Elapsed time spent in this place.
 B = Non-inter-level travel time spent in this place.
 C = Inter-level travel time spent in this place.
 D = Time resting spent in this place.
 E = Time spent auto-exploring this place.
 F = Levels seen in this place.
 G = Mean time per level.
                   A        B        C        D        E       F      G
               +--------+--------+--------+--------+--------+-----+--------+
         Total |   3875 |   3843 |     32 |    477 |   2156 |   5 |  775.0 |
       Dungeon |   3875 |   3843 |     32 |    477 |   2156 |   5 |  775.0 |
               +--------+--------+--------+--------+--------+-----+--------+

Top non-repeatable levels by time:
     D:4: 1021 daAuts
     D:3: 978 daAuts
     D:1: 942 daAuts
     D:2: 641 daAuts
     D:5: 292 daAuts
